 Dungeon Crawl Stone Soup version 0.21.1-1-g345015f (webtiles) character file.

393 wilfster70 the Sneak (level 6, -2/44 HPs)
             Began as a Gnoll Enchanter on Apr 5, 2018.
             Was a Follower of Dithmenos.
             Slain by ninurtach's ghost (20 damage)
             ... on level 4 of the Dungeon on Apr 6, 2018.
             The game lasted 00:22:59 (5445 turns).

wilfster70 the Sneak (Gnoll Enchanter)              Turns: 5445, Time: 00:23:00

Health: -2/44      AC:  3    Str: 10    XL:     6   Next: 81%
Magic:  4/14       EV: 15    Int: 20    God:    Dithmenos [*.....]
Gold:   161        SH:  0    Dex: 15    Spells: 9/15 levels left

rFire    + . .     SeeInvis .   a - +2 dagger
rCold    . . .     Gourm    .   (no shield)
rNeg     . . .     Faith    .   k - +0 robe
rPois    .         Spirit   .   r - +1 hat
rElec    .         Reflect  .   (no cloak)
rCorr    .         Harm     .   (no gloves)
MR       .....                  (no boots)
Stlth    ++++......             (no amulet)
HPRegen  0.14/turn              l - ring of protection from fire
MPRegen  0.14/turn              (no ring)

@: wreathed by umbra
A: distributed training, fangs 1, strong nose
a: Renounce Religion


You were on level 4 of the Dungeon.
You worshipped Dithmenos.
Dithmenos was aware of your devotion.
You were hungry.

You visited 1 branch of the dungeon, and saw 4 of its levels.
You also visited: Sewer.

You collected 161 gold pieces.

Inventory:

Hand Weapons
 a - a +2 dagger (weapon)
 b - a +0 spear
 w - a +0 hunting sling
Missiles
 e - 216 stones (quivered)
 q - 28 sling bullets
Armour
 h - a +0 helmet
 k - a +0 robe (worn)
 r - a +1 hat (worn)
Jewellery
 l - a ring of protection from fire (left hand)
 n - an uncursed amulet of guardian spirit
Scrolls
 f - a scroll of teleportation {unknown}
 g - 2 scrolls of identify
 j - 7 scrolls of remove curse
Potions
 m - a potion of mutation {unknown}
 o - a potion of lignification
 p - 2 potions of flight {unknown}
Books
 c - a book of Maledictions

   Spells                             Type                      Level
   a - Corona                         Hexes                        1
   b - Ensorcelled Hibernation        Hexes/Ice                    2
   c - Confuse                        Hexes                        3
   d - Tukima's Dance                 Hexes                        3
   e - Dazzling Spray                 Conjuration/Hexes            3
Comestibles
 d - 9 rations


   Skills:
 + Level 2.1 Fighting
 + Level 3.3 Short Blades
 + Level 2.1 Long Blades
 + Level 2.1 Axes
 + Level 2.1 Maces & Flails
 + Level 2.1 Polearms
 + Level 2.1 Staves
 + Level 2.1 Slings
 + Level 2.1 Bows
 + Level 2.1 Crossbows
 + Level 2.1 Throwing
 + Level 2.1 Armour
 + Level 5.0 Dodging
 + Level 6.3 Stealth
 + Level 2.1 Shields
 + Level 2.1 Unarmed Combat
 + Level 5.4 Spellcasting
 + Level 1.6 Conjurations
 + Level 5.7 Hexes
 + Level 1.6 Charms
 + Level 1.6 Summonings
 + Level 1.6 Necromancy
 + Level 1.6 Translocations
 + Level 1.6 Transmutations
 + Level 1.6 Fire Magic
 + Level 1.6 Ice Magic
 + Level 1.6 Air Magic
 + Level 1.6 Earth Magic
 + Level 1.6 Poison Magic
 + Level 2.3 Invocations
 + Level 2.1 Evocations


You had 9 spell levels left.
You knew the following spells:

 Your Spells              Type           Power        Failure   Level  Hunger
a - Corona                Hex            ####...      1%          1    None
b - Ensorcelled Hibernat  Hex/Ice        ###...       3%          2    None
c - Confuse               Hex            ####....     3%          3    ##.....


Dungeon Overview and Level Annotations

Branches:
Dungeon (4/15)
 Temple: D:4-7

Altars:
Dithmenos
Qazlal
Ru
Sif Muna
Yredelemnul

Annotations:
D:4 ninurtach's ghost, novice DrTm


Innate Abilities, Weirdness & Mutations

Your experience applies equally to all skills.
You have very sharp teeth.
Your uncanny sense of smell can sniff out nearby items.


Message History

You completely miss ninurtach's ghost. Your bite misses ninurtach's ghost.
Ninurtach's ghost is severely damaged.
You hit ninurtach's ghost but do no damage.
You bite ninurtach's ghost, but do no damage.
Ninurtach's ghost is severely damaged.
Ninurtach's ghost seems less confused.
Ninurtach's ghost hits you.
You closely miss ninurtach's ghost.
You bite ninurtach's ghost, but do no damage.
Ninurtach's ghost is severely damaged.
Ninurtach's ghost barely misses you.
You closely miss ninurtach's ghost.
Ninurtach's ghost is severely damaged.
Casting: Confuse
Confirm with . or Enter, or press ? or * to list all spells.
Aiming: Confuse
Press: ? - help, Shift-Dir - straight line, f/p - ninurtach's ghost
Aim: ninurtach's ghost, wielding a weapon of electrocution (severely damaged, umbra, chance to defeat MR: 34%) Ninurtach's ghost easily resists.
Ninurtach's ghost hits you.
You are electrocuted!
You die...

####.###### #.........#
##+## #.##.####.###...##
#.##.## #.##.....## #.##..#
#.#.......## #
##.#...###..........####...#
....................'......(
#...................##......
#...#.######...†@W.## ##.##
##.#### ##.....## #.#
##...## #.# ##'## #.# #.#
#.# #.# #.# ∆∆ ... ...


You could see ninurtach's ghost.

Vanquished Creatures
  A bullfrog (Sewer)
  2 orc wizards (D:4)
  3 worker ants (D:4)
  8 adders
  2 oozes
  5 worms
  A dart slug (D:1)
  4 leopard geckos
  9 orcs
  5 bats
  7 giant cockroaches
  7 goblins
  8 hobgoblins
  3 jackals (D:2)
  11 kobolds
  2 quokkas (D:2)
  5 ball pythons
  11 frilled lizards
  11 rats
105 creatures vanquished.

Notes
Turn   | Place    | Note
-------+----------+-------------------------------------------
     0 | D:1      | wilfster70 the Gnoll Enchanter began the quest for the Orb.
     0 | D:1      | Reached XP level 1. HP: 13/13 MP: 6/6
   300 | D:1      | Reached XP level 2. HP: 19/19 MP: 7/7
   304 | D:1      | Learned a level 2 spell: Ensorcelled Hibernation
  1271 | D:2      | Reached XP level 3. HP: 25/25 MP: 6/9
  1280 | D:2      | Learned a level 3 spell: Confuse
  1297 | D:2      | Reached skill level 5 in Spellcasting
  1417 | D:2      | Reached skill level 6 in Stealth
  1417 | D:2      | Reached skill level 1 in Invocations
  1460 | D:2      | Found a shadowy altar of Dithmenos.
  1485 | D:2      | Became a worshipper of Dithmenos the Shadowed
  1766 | D:2      | Reached skill level 1 in Fighting
  1766 | D:2      | Reached skill level 1 in Long Blades
  1766 | D:2      | Reached skill level 1 in Axes
  1766 | D:2      | Reached skill level 1 in Maces & Flails
  1766 | D:2      | Reached skill level 1 in Polearms
  1766 | D:2      | Reached skill level 1 in Staves
  1766 | D:2      | Reached skill level 1 in Slings
  1766 | D:2      | Reached skill level 1 in Bows
  1766 | D:2      | Reached skill level 1 in Crossbows
  1766 | D:2      | Reached skill level 1 in Throwing
  1766 | D:2      | Reached skill level 1 in Armour
  1766 | D:2      | Reached skill level 1 in Shields
  1766 | D:2      | Reached skill level 1 in Unarmed Combat
  1766 | D:2      | Reached skill level 1 in Evocations
  1883 | D:2      | Reached XP level 4. HP: 18/32 MP: 6/11
  2921 | D:3      | Found a glowing drain.
  2951 | D:3      | Reached skill level 1 in Conjurations
  2951 | D:3      | Reached skill level 1 in Charms
  2951 | D:3      | Reached skill level 1 in Summonings
  2951 | D:3      | Reached skill level 1 in Necromancy
  2951 | D:3      | Reached skill level 1 in Translocations
  2951 | D:3      | Reached skill level 1 in Transmutations
  2951 | D:3      | Reached skill level 1 in Fire Magic
  2951 | D:3      | Reached skill level 1 in Ice Magic
  2951 | D:3      | Reached skill level 1 in Air Magic
  2951 | D:3      | Reached skill level 1 in Earth Magic
  2951 | D:3      | Reached skill level 1 in Poison Magic
  3042 | Sewer    | Entered a sewer
  3154 | Sewer    | Reached * piety under Dithmenos
  3394 | Sewer    | Reached XP level 5. HP: 19/37 MP: 0/12
  3890 | D:3      | Found a stormy altar of Qazlal.
  3892 | D:3      | Found a sacrificial altar of Ru.
  4207 | D:3      | Found a basalt altar of Yredelemnul.
  4359 | D:3      | Reached XP level 6. HP: 44/44 MP: 13/13
  4394 | D:3      | Found a deep blue altar of Sif Muna.
  5003 | D:4      | Reached skill level 5 in Dodging
  5403 | D:4      | Noticed ninurtach's ghost (novice DrTm)
  5445 | D:4      | Slain by ninurtach's ghost

Skill      XL: |  1  2  3  4  5  6 |
---------------+-------------------+-----
Spellcasting   | 5 |  5.4
Stealth        | 6 |  6.3
Invocations    | 1 2 |  2.3
Fighting       | 1 2 |  2.1
Long Blades    | 1 2 |  2.1
Axes           | 1 2 |  2.1
Maces & Flails | 1 2 |  2.1
Polearms       | 1 2 |  2.1
Staves         | 1 2 |  2.1
Slings         | 1 2 |  2.1
Bows           | 1 2 |  2.1
Crossbows      | 1 2 |  2.1
Throwing       | 1 2 |  2.1
Armour         | 1 2 |  2.1
Shields        | 1 2 |  2.1
Unarmed Combat | 1 2 |  2.1
Evocations     | 1 2 |  2.1
Conjurations   | 1 |  1.6
Charms         | 1 |  1.6
Summonings     | 1 |  1.6
Necromancy     | 1 |  1.6
Translocations | 1 |  1.6
Transmutations | 1 |  1.6
Fire Magic     | 1 |  1.6
Ice Magic      | 1 |  1.6
Air Magic      | 1 |  1.6
Earth Magic    | 1 |  1.6
Poison Magic   | 1 |  1.6
Short Blades   | 3 |  3.3
Dodging        | 5 |  5.0
Hexes          | |  5.7

Action                   |  1- 3 |  4- 6 || total
-------------------------+-------+-------++-------
Melee: Dagger            |    95 |   123 ||   218
       Bite              |     7 |    14 ||    21
       Spear             |       |    16 ||    16
 Fire: Hunting sling     |       |     3 ||     3
Throw: Stone             |     2 |     4 ||     6
 Cast: Corona            |     1 |       ||     1
       Ensorcelled Hiber |    30 |    68 ||    98
       Confuse           |       |     5 ||     5
  Use: Scroll            |       |    10 ||    10
 Stab: Sleeping          |    25 |    54 ||    79
       Confused          |       |     3 ||     3
  Eat: Chunk             |     3 |    11 ||    14
Armor: Robe              |    21 |    13 ||    34
Dodge: Dodged            |    57 |   121 ||   178
